[Event "Titled Tuesday Blitz April 18 Early 2023"]
[White "Girya, Olga"]
[Black "chessfatbear"]
[WhiteFideId "4195752"]
[WhiteElo "2263"]
[BlackElo "2768"]
[Result "1-0"]
[Round "08"]
[TimeControl "180+2"]
[Date "2023.04.18"]
[WhiteClock "0:01:54"]
[BlackClock "0:00:56"]

1. d4 Nf6 2. Nf3 d5 3. c4 e6 4. Nc3 Be7 5. Bf4 O-O 6. e3 b6 7. Bd3 dxc4 8. Bxc4 Bb7 9. O-O Nbd7 10. Qe2 a6 11. a4 c5 12. Rfd1 cxd4 13. exd4 Nd5 14. Nxd5 exd5 15. Bd3 Re8 16. Ne5 Bf6 17. Bxh7+ Kf8 18. Qh5 Nxe5 19. dxe5 g6 20. exf6 1-0


[Site "https://www.chess.com"]

[Event "Titled Tuesday Blitz April 18 Early 2023"]
[White "Nagy, Gabor"]
[Black "Harshad S"]
[WhiteFideId "737119"]
[BlackFideId "46616551"]
[WhiteElo "2514"]
[BlackElo "2163"]
[Result "1/2-1/2"]
[Round "08"]
[TimeControl "180+2"]
[Date "2023.04.18"]
[WhiteClock "0:01:12"]
[BlackClock "0:00:07"]

1. e4 c5 2. Nf3 d6 3. d4 cxd4 4. Qxd4 Nc6 5. Qe3 g6 6. Be2 Bg7 7. O-O Qb6 8. Nc3 Nf6 9. Qf4 O-O 10. Qh4 Nb4 11. Bd1 Be6 12. Be3 Qa5 13. Bd2 Qb6 14. e5 Nfd5 15. exd6 Qxd6 16. Ne4 Qc6 17. Neg5 h5 18. Bxb4 Bxb2 19. Rb1 Bf6 20. Bd2 Bf5 21. Qg3 Qa4 22. Rxb7 Qxa2 23. Nh4 Bxc2 24. Bxh5 gxh5 25. Ne6+ Kh8 26. Nxf8 Rxf8 27. Qf3 Bg6 28. Nxg6+ fxg6 29. Bh6 Rc8 30. h4 Nc3 31. Bg5 Bxg5 32. hxg5 Qe6 33. Rxa7 Kh7 34. Qe3 Ne2+ 35. Kh1 Qxe3 36. fxe3 Ng3+ 37. Kg1 Nxf1 38. Rxe7+ Kg8 39. Kxf1 Rc5 1/2-1/2


[Site "https://www.chess.com"]

[Event "Titled Tuesday Blitz April 18 Early 2023"]
[White "Horobetz, Graham"]
[Black "Csonka, Balazs"]
[WhiteFideId "2047322"]
[BlackFideId "742910"]
[WhiteElo "2620"]
[BlackElo "2404"]
[Result "0-1"]
[Round "08"]
[TimeControl "180+2"]
[Date "2023.04.18"]
[WhiteClock "0:00:01"]
[BlackClock "0:00:05"]

1. e4 c5 2. Nf3 e6 3. d4 cxd4 4. Nxd4 a6 5. Nc3 b5 6. Bd3 Qb6 7. Nb3 Qc7 8. O-O Bb7 9. Qe2 Nc6 10. Kh1 Bb4 11. Bd2 Nge7 12. Rae1 O-O 13. e5 Ng6 14. f4 d6 15. a3 Bxc3 16. Bxc3 dxe5 17. fxe5 Rad8 18. h4 Qe7 19. h5 Qh4+ 20. Kg1 Nge7 21. Nc5 Bc8 22. Ne4 Nf5 23. Rf3 Ncd4 24. Bxd4 Nxd4 25. Qf2 Nxf3+ 26. gxf3 Qxh5 27. Qg3 Kh8 28. Kf2 Bb7 29. Ng5 h6 30. Nh3 g5 31. Ng1 Rd4 32. Ne2 Rh4 33. Ke3 Rh3 34. Qg1 Rxf3+ 35. Kd2 Rd8 36. Kc1 Rh3 37. Nd4 Rh1 0-1


[Site "https://www.chess.com"]

[Event "Titled Tuesday Blitz April 18 Early 2023"]
[White "Sousa, Andre Ventura"]
[Black "Cherniaiev, Tykhon"]
[WhiteFideId "1917617"]
[BlackFideId "14182360"]
[WhiteElo "2348"]
[BlackElo "2450"]
[Result "1-0"]
[Round "08"]
[TimeControl "180+2"]
[Date "2023.04.18"]
[WhiteClock "0:00:16"]
[BlackClock "0:00:01"]

1. e4 e5 2. Nf3 Nc6 3. Bb5 Nge7 4. c3 a6 5. Ba4 Ng6 6. d4 b5 7. Bb3 exd4 8. cxd4 Be7 9. Nc3 O-O 10. O-O d6 11. d5 Na5 12. Nd4 Bb7 13. Bc2 c5 14. Nf5 Bf6 15. Qh5 Nc4 16. f4 Bxc3 17. bxc3 Qf6 18. Rf3 Rfe8 19. a4 Nf8 20. Rg3 g6 21. axb5 axb5 22. Rxa8 Rxa8 23. e5 dxe5 24. fxe5 Qxe5 25. Nh6+ Kg7 26. Qxe5+ Nxe5 27. Nf5+ Kh8 28. Bh6 gxf5 29. Bg7+ Kg8 30. Bxe5+ Ng6 31. d6 Bc6 32. Bxf5 b4 33. cxb4 cxb4 34. d7 b3 35. Bf6 Bxd7 36. Bxd7 Rb8 37. Bf5 b2 38. Bb1 Rc8 39. Rc3 Ra8 40. Rb3 Nf4 41. Rxb2 Rc8 42. Bf5 Re8 43. Kf2 Nd5 44. Bd4 Nf4 45. g3 Ng6 46. Bxg6 hxg6 47. Re2 Rd8 48. Bf6 Rc8 49. Re4 Rc2+ 50. Kf3 g5 51. Bxg5 Rxh2 52. Rh4 Rc2 53. Bf6 1-0


[Site "https://www.chess.com"]

[Event "Titled Tuesday Blitz April 18 Early 2023"]
[White "Molina, Roberto Junio Brito"]
[Black "Dushyant Sharma"]
[WhiteFideId "2109450"]
[BlackFideId "25065130"]
[WhiteElo "2376"]
[BlackElo "2198"]
[Result "1-0"]
[Round "08"]
[TimeControl "180+2"]
[Date "2023.04.18"]
[WhiteClock "0:00:08"]
[BlackClock "0:00:02"]

1. d4 d5 2. c4 e6 3. Nc3 c6 4. e3 f5 5. Nf3 Nf6 6. Bd3 Bd6 7. Qc2 Ne4 8. Ne5 Nd7 9. Nxd7 Bxd7 10. g3 O-O 11. f3 Nxc3 12. Qxc3 Qe7 13. c5 Bc7 14. f4 b6 15. b4 a5 16. a3 b5 17. Bd2 a4 18. O-O-O g5 19. fxg5 e5 20. Rdf1 Rae8 21. Bc2 Qxg5 22. e4 Qg7 23. exd5 cxd5 24. dxe5 Bxe5 25. Qd3 Bc6 26. Rxf5 Rxf5 27. Qxf5 Bb2+ 28. Kb1 Bxa3 29. Bc3 d4 30. Bxd4 Qg6 31. Qxg6+ hxg6 32. Rd1 Bxb4 33. Bxg6 Re2 34. h4 a3 35. h5 Be4+ 36. Bxe4 Rxe4 37. c6 Ba5 38. Ba1 1-0


[Site "https://www.chess.com"]

[Event "Titled Tuesday Blitz April 18 Early 2023"]
[White "Samunenkov, Ihor"]
[Black "Eynullayev, Atilla"]
[WhiteFideId "14187086"]
[BlackFideId "13413570"]
[WhiteElo "2457"]
[BlackElo "2181"]
[Result "1/2-1/2"]
[Round "08"]
[TimeControl "180+2"]
[Date "2023.04.18"]
[WhiteClock "0:00:04"]
[BlackClock "0:00:13"]

1. d4 Nf6 2. Bf4 d5 3. e3 e6 4. Nf3 c5 5. Nbd2 Nc6 6. Bb5 Bd7 7. O-O a6 8. Be2 Be7 9. dxc5 Bxc5 10. c4 O-O 11. a3 dxc4 12. Nxc4 Nd5 13. Bg3 b5 14. Nce5 Nxe5 15. Nxe5 Be8 16. Bf3 f6 17. Nd3 Be7 18. e4 Nb6 19. e5 Rc8 20. exf6 Bxf6 21. Qe2 Kh8 22. Rad1 Qe7 23. Nf4 Bf7 24. Nh5 Bxh5 25. Bxh5 Rcd8 26. Bg4 e5 27. Bf5 g6 28. Be4 Nc4 29. a4 Nd6 30. axb5 Nxb5 31. h3 Rd6 32. Rxd6 Qxd6 33. Rd1 Qe7 34. Qd3 Nd4 35. Qxa6 Rb8 36. Rc1 Bg7 37. Kh2 Rf8 38. Qd3 Nf5 39. Rd1 Nxg3 40. fxg3 Qc5 41. Rd2 Qd4 42. Qxd4 exd4 43. b4 Rb8 44. Rb2 d3 45. Rd2 Rxb4 46. Bxd3 Rb8 47. Be4 Rf8 48. Bf3 Bf6 49. Rd5 Kg7 50. h4 Rf7 51. Kh3 Re7 52. h5 gxh5 53. Rxh5 Re5 54. Rxe5 Bxe5 55. Kg4 Bf6 56. Kf5 Bb2 57. g4 Bf6 58. g5 Ba1 59. Be4 Bb2 60. Kg4 Ba1 61. Kh5 Bb2 1/2-1/2


[Site "https://www.chess.com"]

[Event "Titled Tuesday Blitz April 18 Early 2023"]
[White "mrithyunjay"]
[Black "jinbojinbo"]
[WhiteElo "2353"]
[BlackElo "2712"]
[Result "0-1"]
[Round "08"]
[TimeControl "180+2"]
[Date "2023.04.18"]
[WhiteClock "0:00:15"]
[BlackClock "0:00:09"]

1. e4 e5 2. Nf3 Nc6 3. Bb5 a6 4. Ba4 Nf6 5. O-O Be7 6. c3 b5 7. Bb3 d6 8. d3 O-O 9. a4 Bb7 10. h3 h6 11. Be3 d5 12. exd5 Nxd5 13. d4 exd4 14. Bxd4 Nxd4 15. Nxd4 c5 16. Nf5 Bf6 17. axb5 axb5 18. Rxa8 Bxa8 19. Qg4 Kh8 20. Rd1 c4 21. Bc2 Qc8 22. Nxh6 Qxg4 23. Nxg4 Bg5 24. Nd2 Nf4 25. f3 Rd8 26. Nb1 Rxd1+ 27. Bxd1 Nd3 28. b3 f5 29. Nh2 Be3+ 30. Kf1 Bf4 31. Kg1 Be3+ 32. Kf1 Bd5 33. g3 cxb3 34. Ke2 Bg1 35. Kxd3 Bc4+ 36. Kd2 Bxh2 37. g4 Bf4+ 38. Ke1 Bd3 39. Na3 b2 40. Be2 b1=Q+ 41. Nxb1 Bxb1 42. Bxb5 fxg4 43. hxg4 Kg8 44. c4 g5 45. c5 Kf8 46. c6 Ke7 47. Ke2 Kd8 48. Bc4 Kc7 49. Bd5 Bc2 50. Be6 Ba4 51. Kd3 Bxc6 52. Ke2 Kd6 53. Bf5 Bd5 54. Kf2 Kc5 55. Bg6 Kd4 56. Bc2 Kc3 57. Bd1 Kd2 58. Ba4 Bc4 59. Bc6 Be2 60. Bb7 Be3+ 61. Kg3 Ke1 62. Kg2 Bf4 63. Bc6 Bd1 64. Be4 Be2 65. Bd5 Bf1+ 66. Kg1 Be3+ 67. Kh2 Kf2 68. Be4 Be2 69. f4 Bxf4+ 70. Kh3 Bf1+ 71. Bg2 Bxg2# 0-1


[Site "https://www.chess.com"]

[Event "Titled Tuesday Blitz April 18 Early 2023"]
[White "Ronka, Erik"]
[Black "Grigoriants, Sergey"]
[WhiteFideId "505080"]
[BlackFideId "4130804"]
[WhiteElo "2264"]
[BlackElo "2502"]
[Result "0-1"]
[Round "08"]
[TimeControl "180+2"]
[Date "2023.04.18"]
[WhiteClock "0:01:13"]
[BlackClock "0:02:22"]

1. e4 c5 2. Nf3 Nc6 3. d4 cxd4 4. Nxd4 e6 5. Nc3 a6 6. Nxc6 bxc6 7. Bd3 d5 8. O-O Nf6 9. e5 Nd7 10. Re1 Be7 11. Qg4 g6 12. Bh6 Rb8 13. Nd1 Rb4 14. c4 dxc4 15. Bd2 c3 16. Be3 0-1


[Site "https://www.chess.com"]

[Event "Titled Tuesday Blitz April 18 Early 2023"]
[White "Ezat, Mohamed"]
[Black "Mekhitarian, Krikor Sevag"]
[WhiteFideId "10600906"]
[BlackFideId "2107660"]
[WhiteElo "2386"]
[BlackElo "2604"]
[Result "0-1"]
[Round "08"]
[TimeControl "180+2"]
[Date "2023.04.18"]
[WhiteClock "0:00:14"]
[BlackClock "0:00:05"]

1. d4 Nf6 2. c4 g6 3. Nc3 d5 4. Bg5 Bg7 5. Bxf6 Bxf6 6. cxd5 c6 7. e3 cxd5 8. h4 O-O 9. h5 e6 10. hxg6 hxg6 11. Bd3 Bg7 12. Nf3 Nd7 13. Qc2 Re8 14. Nb5 Re7 15. Qc7 Qxc7 16. Nxc7 Rb8 17. Rc1 a6 18. Ke2 Nb6 19. Rc2 Bd7 20. Rhc1 Kf8 21. b3 Nc8 22. a4 Nd6 23. Ne5 Kg8 24. f4 Ne4 25. Kf3 f6 26. Nxg6 Rf7 27. Nh4 Bf8 28. f5 exf5 29. Nxd5 Bc6 30. Rxc6 bxc6 31. Nf4 Rxb3 32. Nxf5 Nd2+ 33. Ke2 Rb2 34. Rc2 Nc4 35. Kd1 Rxc2 36. Kxc2 Na5 37. Bxa6 Ra7 38. Bd3 c5 39. d5 Nb7 40. Bb5 Nd6 41. Nxd6 Bxd6 42. Nd3 Kf7 43. Nb2 Ke7 44. Nc4 Bc7 45. Kd3 Ra8 46. Bc6 Rb8 47. Bb5 Rg8 48. a5 Rxg2 49. a6 Bb8 50. Bc6 Ra2 51. Kc3 Rxa6 52. Kb3 Bd6 53. Na3 Rb6+ 54. Kc2 Rb4 55. Kc3 Be5+ 56. Kc2 Rb2+ 57. Kd1 Bd6 58. Nc4 Rb4 59. Nd2 f5 60. Nf3 Kf6 61. Nd2 Rb8 62. Kc2 Rh8 63. Nc4 Ke7 64. Kd3 Rh3 65. Ke2 Rh2+ 66. Kf3 Rh4 67. Nb6 Kd8 68. Nd7 c4 69. Ke2 Rh2+ 70. Kd1 c3 71. Nf6 c2+ 72. Kc1 Ba3# 0-1


[Site "https://www.chess.com"]

[Event "Titled Tuesday Blitz April 18 Early 2023"]
[White "Vlassov, Nikolai"]
[Black "Wagner, Dennis"]
[WhiteFideId "4103360"]
[BlackFideId "24650684"]
[WhiteElo "2324"]
[BlackElo "2470"]
[Result "0-1"]
[Round "08"]
[TimeControl "180+2"]
[Date "2023.04.18"]
[WhiteClock "0:00:04"]
[BlackClock "0:00:38"]

1. e4 e5 2. Bc4 Nf6 3. d3 c6 4. Nf3 d5 5. Bb3 Bb4+ 6. c3 Bd6 7. Bg5 dxe4 8. dxe4 h6 9. Bh4 O-O 10. Nbd2 Qe7 11. O-O Bc7 12. Qe2 Na6 13. Rad1 Nc5 14. Bc2 Ne6 15. Bg3 Nh5 16. Nh4 Nhf4 17. Qe1 g6 18. Bb3 Kg7 19. Nc4 b5 20. Ne3 Ng5 21. Bc2 Be6 22. a3 Rad8 23. Kh1 Bb6 24. Bxf4 exf4 25. Nef5+ Bxf5 26. exf5 Qxe1 27. Rdxe1 Rd2 28. Bb1 Bxf2 29. fxg6 Bxh4 30. Re7 Rfd8 31. g3 Rd1 32. Rxd1 Rxd1+ 33. Kg2 f3+ 34. Kf2 Nh3+ 35. Kxf3 Bxe7 0-1


[Site "https://www.chess.com"]

[Event "Titled Tuesday Blitz April 18 Early 2023"]
[White "Srihari L R"]
[Black "Moksh Amit Doshi"]
[WhiteFideId "46617116"]
[BlackFideId "25064967"]
[WhiteElo "2334"]
[BlackElo "2297"]
[Result "1-0"]
[Round "08"]
[TimeControl "180+2"]
[Date "2023.04.18"]
[WhiteClock "0:01:21"]
[BlackClock "0:01:00"]

1. d4 Nf6 2. Nf3 d5 3. e3 c5 4. b3 Nc6 5. Bb2 cxd4 6. exd4 Bg4 7. Be2 e6 8. O-O Bd6 9. Ne5 Bxe2 10. Qxe2 O-O 11. Nd2 Rc8 12. a3 Qb6 13. Ndf3 Ne4 14. Nd7 Qc7 15. Nxf8 Rxf8 16. c4 Na5 17. c5 Be7 18. Qd3 b6 19. Rac1 Bf6 20. Qc2 Rb8 21. Ba1 bxc5 22. dxc5 Bxa1 23. Rxa1 Nxb3 24. Rab1 Nbxc5 25. Rxb8+ Qxb8 26. Rb1 Qd8 27. Qb2 Kf8 28. Nd4 a6 29. Nc6 Qe8 30. Qb8 g6 31. f3 Nc3 32. Qd6+ Kg7 33. Qe5+ f6 34. Qxc3 Qxc6 35. Rc1 1-0


[Site "https://www.chess.com"]

[Event "Titled Tuesday Blitz April 18 Early 2023"]
[White "Han, Yichen"]
[Black "Kosteniuk, Alexandra"]
[WhiteFideId "1054430"]
[BlackFideId "4128125"]
[WhiteElo "2342"]
[BlackElo "2453"]
[Result "1-0"]
[Round "08"]
[TimeControl "180+2"]
[Date "2023.04.18"]
[WhiteClock "0:00:27"]
[BlackClock "0:00:12"]

1. d4 f5 2. Nf3 Nf6 3. Bf4 e6 4. e3 c5 5. Nbd2 Nc6 6. c3 d5 7. h3 Bd6 8. Ne5 O-O 9. g4 Bxe5 10. dxe5 Nd7 11. Nf3 Qc7 12. gxf5 Rxf5 13. Bd3 Rxf4 14. exf4 Nf8 15. Bc2 b5 16. Qe2 b4 17. O-O a5 18. c4 dxc4 19. Rfd1 Ba6 20. Qe4 Re8 21. Rd6 Bb7 22. Qe3 Ne7 23. Ng5 Nd5 24. Qg3 g6 25. h4 Qg7 26. Ne4 Kh8 27. Nxc5 Ba8 28. Be4 Qa7 29. Nxe6 Nxe6 30. Bxd5 Nd4 31. Qe3 Bxd5 32. Rxd5 Nc6 33. Qxa7 Nxa7 34. Rxa5 Nc6 35. Rc5 Nd4 36. Rxc4 Nf3+ 37. Kh1 Nxh4 38. Rac1 Kg7 39. Rc8 Re6 40. R1c6 Re7 41. R6c7 1-0


[Site "https://www.chess.com"]

[Event "Titled Tuesday Blitz April 18 Early 2023"]
[White "benny_aizenberg"]
[Black "Aaditya Dhingra"]
[BlackFideId "25678191"]
[WhiteElo "2567"]
[BlackElo "2083"]
[Result "1-0"]
[Round "08"]
[TimeControl "180+2"]
[Date "2023.04.18"]
[WhiteClock "0:02:40"]
[BlackClock "0:02:32"]

1. f4 e5 2. fxe5 d6 3. Nf3 dxe5 4. e4 Bd6 5. Bc4 Ne7 6. O-O O-O 7. Ng5 Bc5+ 8. Kh1 Be6 9. Bxe6 fxe6 10. Nxe6 Rxf1+ 11. Qxf1 1-0


[Site "https://www.chess.com"]

[Event "Titled Tuesday Blitz April 18 Early 2023"]
[White "Bilych, Olexiy"]
[Black "Bruedigam, Martin"]
[WhiteFideId "14156504"]
[BlackFideId "24608033"]
[WhiteElo "2320"]
[BlackElo "2331"]
[Result "0-1"]
[Round "08"]
[TimeControl "180+2"]
[Date "2023.04.18"]
[WhiteClock "0:00:09"]
[BlackClock "0:01:13"]

1. d4 d5 2. c4 e6 3. Nf3 Nf6 4. Nc3 a6 5. cxd5 exd5 6. Bg5 Be6 7. e3 Nbd7 8. Bd3 Bd6 9. O-O c6 10. Qc2 Qc7 11. Ne2 Bg4 12. Ng3 h6 13. Bxf6 Nxf6 14. Nd2 O-O 15. Bf5 Rfe8 16. Bxg4 Nxg4 17. Qf5 Nf6 18. Rac1 a5 19. Rc2 a4 20. Qh3 Bxg3 21. Qxg3 Qe7 22. a3 Ne4 23. Nxe4 Qxe4 24. Rc3 Re6 25. Qf3 Qxf3 26. gxf3 Kf8 27. Rfc1 g5 28. Kg2 Kg7 29. Kg3 f5 30. f4 Rg6 31. h3 Kf7 32. Re1 Rag8 33. Rh1 Ke7 34. b3 Ra8 35. bxa4 Rxa4 36. Rb1 b5 37. fxg5 hxg5 38. Rbc1 Kd7 39. h4 gxh4+ 40. Kxh4 Ra8 41. Kh5 Rg2 42. Rxc6 Rh8+ 43. Rh6 Rh2+ 44. Kg5 R8xh6 45. Kxf5 Rxf2+ 46. Kg5 Rh8 47. Kg4 Rg8+ 48. Kh3 Rf6 0-1


[Site "https://www.chess.com"]

[Event "Titled Tuesday Blitz April 18 Early 2023"]
[White "Skvortsov, Andrei"]
[Black "Tomaszewski, Kacper"]
[WhiteFideId "24108600"]
[BlackFideId "1127373"]
[WhiteElo "2259"]
[BlackElo "2211"]
[Result "1-0"]
[Round "08"]
[TimeControl "180+2"]
[Date "2023.04.18"]
[WhiteClock "0:01:36"]
[BlackClock "0:00:43"]

1. g3 c6 2. Bg2 d5 3. Nf3 Nf6 4. O-O Nbd7 5. c4 e5 6. cxd5 cxd5 7. d4 e4 8. Ne5 Bd6 9. Nxd7 Bxd7 10. Nc3 O-O 11. f3 exf3 12. Bxf3 Bc6 13. Bg5 Be7 14. Qb3 h6 15. Bxf6 Bxf6 16. e3 Re8 17. Rae1 Bg5 18. Nxd5 Qd6 19. Nf4 Rad8 20. d5 Bxf4 21. dxc6 Bxg3 22. hxg3 Qxg3+ 23. Bg2 Rd2 24. Qxf7+ Kh7 25. Qf3 Qxf3 26. Bxf3 bxc6 27. Rf2 Rxf2 28. Kxf2 c5 29. Rc1 Re5 30. e4 h5 31. Rd1 g6 32. Rd5 Rxd5 33. exd5 Kg7 34. d6 Kf6 35. Bd5 a5 36. b3 g5 37. a4 g4 38. Kg3 1-0


[Site "https://www.chess.com"]

[Event "Titled Tuesday Blitz April 18 Early 2023"]
[White "Reprintsev, Alexander"]
[Black "Toropov, Pavel"]
[WhiteFideId "14100541"]
[BlackFideId "24129178"]
[WhiteElo "2211"]
[BlackElo "2182"]
[Result "0-1"]
[Round "08"]
[TimeControl "180+2"]
[Date "2023.04.18"]
[WhiteClock "0:00:01"]
[BlackClock "0:00:12"]

1. e4 e6 2. d4 d5 3. Nc3 dxe4 4. Nxe4 Nd7 5. g4 Ngf6 6. Bg2 c5 7. dxc5 Nxe4 8. Bxe4 Bxc5 9. Ne2 O-O 10. g5 Qb6 11. O-O Ne5 12. c3 Rd8 13. Qc2 Ng6 14. b4 Bd6 15. Be3 Qc7 16. f4 Bd7 17. Rad1 Bc6 18. Bxc6 Qxc6 19. Nd4 Qc4 20. f5 exf5 21. Qxf5 Qxa2 22. Rf2 Qc4 23. Rdf1 Rf8 24. Nb5 Be5 25. Nxa7 Qxc3 26. Bc5 Bd4 27. Bxd4 Qxd4 28. Nb5 Qxb4 29. Nc7 Rad8 30. Nd5 Qd6 31. Ne3 Qe5 32. Qxe5 Nxe5 33. h4 Rd3 34. Nf5 Rfd8 35. Kg2 Nc6 36. h5 Rd2 37. h6 g6 38. Ne3 Kf8 39. Ng4 Rxf2+ 40. Nxf2 Ne5 41. Ne4 Ng4 0-1


[Site "https://www.chess.com"]

[Event "Titled Tuesday Blitz April 18 Early 2023"]
[White "Krsnik Cohar, Ivan Vihor"]
[Black "Dimitrov, Atanas"]
[WhiteFideId "14520044"]
[BlackFideId "2901315"]
[WhiteElo "2414"]
[BlackElo "2665"]
[Result "1-0"]
[Round "08"]
[TimeControl "180+2"]
[Date "2023.04.18"]
[WhiteClock "0:00:33"]
[BlackClock "0:00:35"]

1. e4 c5 2. Ne2 d6 3. g3 Nf6 4. Bg2 g6 5. c3 Bg7 6. d4 cxd4 7. cxd4 O-O 8. Nbc3 Nc6 9. h3 Rb8 10. Be3 Bd7 11. Qd2 a6 12. Rc1 b5 13. O-O Rc8 14. f4 Ne8 15. e5 e6 16. d5 exd5 17. Nxd5 Be6 18. Nb6 Rc7 19. Rxc6 Rxc6 20. Bxc6 Bxh3 21. Rd1 Bg4 22. exd6 Nf6 23. d7 Nh5 24. Bc5 Bxe2 25. Qxe2 Nxg3 26. Qe7 Nf5 27. Qxd8 Rxd8 28. Re1 Bf6 29. Re8+ Kg7 30. Bf8+ Kg8 31. Bh6+ 1-0


[Site "https://www.chess.com"]

[Event "Titled Tuesday Blitz April 18 Early 2023"]
[White "Bilan, Danila"]
[Black "Perez Gormaz, Matias"]
[WhiteFideId "24161918"]
[BlackFideId "3406342"]
[WhiteElo "2182"]
[BlackElo "2362"]
[Result "0-1"]
[Round "08"]
[TimeControl "180+2"]
[Date "2023.04.18"]
[WhiteClock "0:00:05"]
[BlackClock "0:00:09"]

1. d4 Nf6 2. Nf3 e6 3. g3 b5 4. Bg2 Bb7 5. O-O c5 6. a4 b4 7. c4 bxc3 8. bxc3 Be7 9. Ba3 O-O 10. Nbd2 Na6 11. Rb1 Rb8 12. Qc2 Qc7 13. Ne5 Bxg2 14. Kxg2 d6 15. Nef3 cxd4 16. Nxd4 Nc5 17. Rxb8 Rxb8 18. Rb1 Rb7 19. Bxc5 Qxc5 20. Rxb7 Qd5+ 21. f3 Qxb7 22. Qb3 Qa8 23. e4 g5 24. Qb5 h6 25. Nc6 Bd8 26. Qa6 Bb6 27. Nb4 d5 28. a5 Be3 29. Nf1 Bc5 30. exd5 Nxd5 31. Nc6 Nc7 32. Qd3 Qxc6 33. Qd8+ Kg7 34. Nd2 Qd6 35. Qxd6 Bxd6 36. Nc4 Bc5 37. Ne5 Nd5 38. h4 Nxc3 39. hxg5 hxg5 40. g4 Nd5 41. Kf1 f6 42. Nc6 Kf8 43. Ke2 Ke8 44. Kd3 Kd7 45. Nb8+ Kd6 46. Kc4 Nc7 47. a6 Bb6 48. Kb4 f5 49. Kc4 fxg4 50. fxg4 e5 51. Kd3 Nd5 52. Ke4 Ne7 53. Kd3 Bc7 0-1


[Site "https://www.chess.com"]

[Event "Titled Tuesday Blitz April 18 Early 2023"]
[White "Osinenko, Anton"]
[Black "Brunner, Nicolas"]
[WhiteFideId "4158970"]
[BlackFideId "620246"]
[WhiteElo "2294"]
[BlackElo "2327"]
[Result "1/2-1/2"]
[Round "08"]
[TimeControl "180+2"]
[Date "2023.04.18"]
[WhiteClock "0:00:15"]
[BlackClock "0:00:08"]

1. e4 e5 2. Nf3 Nf6 3. Nc3 Nc6 4. a3 d5 5. exd5 Nxd5 6. Bb5 Nxc3 7. bxc3 Bd6 8. d4 exd4 9. cxd4 O-O 10. h3 Re8+ 11. Be3 Bd7 12. O-O a6 13. Bd3 h6 14. c3 Qf6 15. Rb1 b5 16. c4 bxc4 17. Bxc4 Bxa3 18. d5 Ne5 19. Nxe5 Qxe5 20. Bd4 Qd6 21. Rb3 Bc5 22. Ba1 a5 23. Kh1 Re4 24. Rg3 g6 25. Bd3 Rh4 26. Bb1 Rb8 27. Qf3 Bd4 28. Bxd4 Rxd4 29. Qe3 Rh4 30. Qd2 Kg7 31. Qxa5 Rb6 32. Qa1+ Qf6 33. Qa7 Rhb4 34. Bd3 Bf5 35. Bxf5 Qxf5 36. Qxc7 Rb1 37. Qc3+ Qf6 38. Qxf6+ Kxf6 39. Kg1 Rxf1+ 40. Kxf1 Ke5 41. Rf3 f5 42. Rd3 Rd6 43. Rb3 Rxd5 44. Rb6 Rd6 45. Rb8 g5 46. Ke2 Ke4 47. Rh8 Ke5 48. Re8+ Kd5 49. Ke3 Re6+ 50. Rxe6 Kxe6 51. f4 Kd5 52. fxg5 hxg5 53. g3 f4+ 54. gxf4 gxf4+ 55. Kxf4 Ke6 56. Kg5 Kf7 57. Kh6 Kg8 58. h4 Kh8 59. h5 Kg8 60. Kg6 Kh8 61. h6 Kg8 62. h7+ Kh8 63. Kh6 1/2-1/2


[Site "https://www.chess.com"]

[Event "Titled Tuesday Blitz April 18 Early 2023"]
[White "Mendez Fortes, Eduardo Jesus"]
[Black "Cnejev, Vladimir-Alexandru"]
[WhiteFideId "3502376"]
[BlackFideId "1260898"]
[WhiteElo "2307"]
[BlackElo "2132"]
[Result "1-0"]
[Round "08"]
[TimeControl "180+2"]
[Date "2023.04.18"]
[WhiteClock "0:00:12"]
[BlackClock "0:00:01"]

1. e4 e5 2. Nf3 Nc6 3. Bb5 Nf6 4. d3 d6 5. O-O Be7 6. c3 a6 7. Ba4 b5 8. Bc2 O-O 9. h3 Re8 10. Re1 Bb7 11. Nbd2 Bf8 12. Nf1 h6 13. Ng3 g6 14. a4 Bg7 15. Be3 d5 16. Qc1 Kh7 17. b4 d4 18. cxd4 exd4 19. Bd2 Bf8 20. Qb2 Qd6 21. axb5 axb5 22. Rxa8 Bxa8 23. Rb1 Bb7 24. Bb3 Re7 25. Ne2 Bg7 26. Ba2 Nd7 27. Bd5 Nd8 28. Bf4 Ne5 29. Bxb7 Nxb7 30. Bxe5 Bxe5 31. Rc1 c5 32. bxc5 Nxc5 33. Qxb5 Rc7 34. Nxe5 Qxe5 35. f4 Qd6 36. Qc4 Ne6 37. Qb3 Rxc1+ 38. Nxc1 Qxf4 39. Qc2 Qe3+ 40. Kf1 Nf4 41. Qc4 Qd2 42. Qxf7+ Kh8 43. Qe8+ Kg7 44. Qd7+ Kg8 45. Qd8+ Kh7 46. Qc7+ Kg8 47. Qc4+ Kh7 48. g3 Qg2+ 49. Ke1 Qxg3+ 50. Kd1 Qxh3 51. Qf7+ Kh8 52. Qxf4 Qh1+ 53. Kc2 Qh5 54. Qf6+ Kh7 55. Qxd4 Qh3 56. Qa7+ Kg8 57. Ne2 1-0


[Site "https://www.chess.com"]

[Event "Titled Tuesday Blitz April 18 Early 2023"]
[White "Hua, Lefong"]
[Black "Camacho Collados, Jose"]
[WhiteFideId "2602253"]
[BlackFideId "2265427"]
[WhiteElo "2641"]
[BlackElo "2198"]
[Result "1/2-1/2"]
[Round "08"]
[TimeControl "180+2"]
[Date "2023.04.18"]
[WhiteClock "0:01:43"]
[BlackClock "0:00:17"]

1. d4 Nf6 2. c4 g6 3. Nc3 d5 4. cxd5 Nxd5 5. e4 Nxc3 6. bxc3 Bg7 7. Nf3 c5 8. Rb1 Nc6 9. d5 Bxc3+ 10. Bd2 Bxd2+ 11. Qxd2 Nd4 12. Nxd4 cxd4 13. Bb5+ Bd7 14. Bxd7+ Qxd7 15. Qxd4 O-O 16. O-O b6 17. Rfd1 Rac8 18. h4 h5 19. Rbc1 Qg4 20. g3 Qf3 21. a4 Rc5 22. Rxc5 bxc5 23. Qd3 Qxd3 24. Rxd3 Rb8 25. Rc3 Rb4 26. f3 Rxa4 27. Rxc5 Ra2 28. Rc7 Kf8 29. Kf1 a5 30. Ra7 a4 31. f4 a3 32. e5 Ra1+ 33. Kf2 a2 34. Kg2 Rd1 35. Ra8+ Kg7 36. Rxa2 Rxd5 37. Rb2 f6 38. exf6+ Kxf6 39. Rb6+ e6 40. Rb3 Kf5 41. Kf3 e5 42. fxe5 Rxe5 43. Rb6 Ra5 44. Rb3 Rc5 45. Ra3 Rb5 46. Rc3 Ke5 47. Rc6 Rb3+ 48. Kg2 Kf5 49. Rc5+ Kf6 50. Rc6+ Kf5 51. Rc5+ Kf6 52. Ra5 Rc3 53. Ra6+ Kf5 54. Ra5+ Kf6 55. Rb5 Ra3 56. Rb6+ Kf5 57. Rb5+ Kf6 58. Kh2 Rc3 59. Rb6+ Kf5 60. Rb5+ Kf6 61. Kh3 Rc4 62. Rb6+ Kf5 63. Rb5+ Kf6 64. Ra5 Rb4 65. Rc5 Rb2 66. Rc6+ Kf5 67. Rc5+ Kf6 68. Rd5 Ke6 69. Ra5 Kf6 70. Ra6+ Kf5 71. Ra5+ Kf6 72. Ra6+ Kf5 73. Ra5+ Kf6 1/2-1/2


[Site "https://www.chess.com"]

[Event "Titled Tuesday Blitz April 18 Early 2023"]
[White "Lehtosaari, Mauri"]
[Black "Tregubov, Pavel V."]
[WhiteFideId "501999"]
[BlackFideId "4115341"]
[WhiteElo "2511"]
[BlackElo "2425"]
[Result "0-1"]
[Round "08"]
[TimeControl "180+2"]
[Date "2023.04.18"]
[WhiteClock "0:00:01"]
[BlackClock "0:00:04"]

1. d4 Nf6 2. Nf3 e6 3. Bg5 c5 4. e3 Be7 5. Bd3 b6 6. Nbd2 Bb7 7. c3 O-O 8. O-O h6 9. Bh4 d6 10. a4 a6 11. h3 Nh5 12. Bxe7 Qxe7 13. Qb3 Nd7 14. Be4 d5 15. Bb1 Rab8 16. Qc2 Nhf6 17. Ne5 Rfd8 18. Nxd7 Rxd7 19. Nf3 Rc7 20. Ne5 g6 21. Qe2 Nd7 22. Ng4 h5 23. Nh2 e5 24. dxe5 Nxe5 25. Ba2 Re8 26. Rae1 Rd7 27. f4 Nc4 28. f5 Qxe3+ 29. Qxe3 Nxe3 30. fxg6 fxg6 31. Rf6 Kg7 32. Rxb6 d4 33. cxd4 cxd4 34. Bb1 Be4 35. Bxe4 Rxe4 36. Nf3 d3 37. Nd2 Ree7 38. Rxa6 Nc2 39. Rxe7+ Rxe7 40. Rd6 Re1+ 41. Kh2 Re2 42. Nf3 Ne3 43. Kg3 Rxg2+ 44. Kf4 Nc4 45. Rxd3 Nxb2 46. Rd7+ Kh6 47. Ne5 Nxa4 48. Nf7+ Kg7 49. Ng5+ Kf8 50. Ne6+ Ke8 51. Ra7 Nc3 52. Ke5 Re2+ 53. Kf6 Nd5+ 0-1


[Site "https://www.chess.com"]